 Dungeon Crawl Stone Soup version 0.26-a0-394-g0b5ff556b1 (webtiles) character file.

Game seed: 15949689386276639577

18 Gurkenglas the Charlatan (level 2, -17/16 HPs)
             Began as a Kobold Artificer on July 23, 2020.
             Shot themself with a bolt of poison (19 damage)
             ... on level 2 of the Dungeon.
             The game lasted 00:13:43 (211 turns).

Gurkenglas the Charlatan (Kobold Artificer)          Turns: 211, Time: 00:13:43

Health: -17/16     AC:  3    Str:  9    XL:     2   Next: 85%
Magic:  2/2        EV: 15    Int: 12    God:
Gold:   40         SH:  0    Dex: 15    Spells: 1/1 levels left

rFire    . . .     SeeInvis .   a - +1 club (spect)
rCold    . . .     Faith    .   (shield restricted)
rNeg     . . .     Spirit   .   b - +0 leather armour
rPois    .         Reflect  .   (no helmet)
rElec    .         Harm     .   (no cloak)
rCorr    .                      (no gloves)
MR       .....                  (no boots)
Stlth    ++........             (no amulet)
HPRegen  0.05/turn              (no ring)
MPRegen  0.08/turn              (no ring)

@: lethally poisoned (-17 -> -33)
A: small
a: no special abilities


You were on level 2 of the Dungeon.
You visited 1 branch of the dungeon, and saw 2 of its levels.

You collected 40 gold pieces.

Inventory:

Hand Weapons
 a - a +1 spectral club (weapon)
Missiles
 i - 14 arrows
Armour
 b - a +0 leather armour (worn)
 g - a +0 chain mail
Wands
 c - a wand of flame (12)
 d - a wand of enslavement (15)
 e - a wand of random effects (14)


   Skills:
 + Level 1.1 Fighting
 + Level 0.3 Maces & Flails
 + Level 1.0 Armour
 + Level 2.7 Dodging
 + Level 1.4 Stealth
 + Level 4.3 Evocations


You had one spell level left.
You didn't know any spells.
Your spell library was empty.

Dungeon Overview and Level Annotations

Branches:
Dungeon (1/15)

Altars:


Message History

You see here an adder corpse.
As you read the scroll labeled TEFIYSH DIECI, it crumbles to dust.
It is a scroll of enchant weapon.
Your +0 spectral club glows red for a moment.
You see here an adder corpse.
* * * LOW HITPOINT WARNING * * *
You feel sick.
Aiming: Random Effects
Press: ? - help, Shift-Dir - straight line, f - you You suddenly lose the ability to move!
Your spectral weapon fades away.
* * * LOW HITPOINT WARNING * * *
You feel sick.
You can move again.
Aiming: Random Effects
Press: ? - help, Shift-Dir - straight line, f - you The bolt of poison hits you!!
You are more poisoned.
Ouch! That really hurt!
You die...

*,**,* *,* #..,,,,,,
#.#*,***,* #.#***,,,
#.#*,,,,,* #.# **,,
#.#******* ##.## **,
#.# *#...## *** #.#
##.###.##*,, #.#
######.#* ##.#*,* #.#
##...[..# #.#*,*
#.###@#.#.#.## ##.#*,*
#...†........###..##.#
#####.#.#.###.........
##...## #.###.....
##.## #.# #..#.# #.#
#.# #..#.# #.#
#.#*#..#,# #.#
#..,...#,, #.#
###**.##**


There were no monsters in sight!

Vanquished Creatures
  An adder (D:2)
  A bat (D:1)
  A goblin (D:1)
  2 hobgoblins (D:1)
  2 jackals (D:1)
7 creatures vanquished.

Notes
Turn   | Place    | Note
-------+----------+-------------------------------------------
     0 | D:1      | Gurkenglas the Kobold Artificer began the quest for the
                  | Orb.
     0 | D:1      | Reached XP level 1. HP: 12/12 MP: 1/1
    19 | D:1      | Reached skill level 1 in Armour
   104 | D:1      | Reached skill level 4 in Evocations
   104 | D:1      | Reached XP level 2. HP: 16/16 MP: 2/2
   162 | D:1      | You fall into a shaft and drop 1 floor!
   207 | D:2      | Paralysed by you for 4 turns
   211 | D:2      | Shot themself with a bolt of poison

Illustrated notes

Levels and vault maps discovered:
D:1:      tarquinn_simple_flora_water_a, layout_basic, st_stairs_6
D:2:      layout_loops_ring, nicolae_gozag_seed_capital, old_standard_altar,
          uniq_jessica

Skill      XL: |  1 |
---------------+----+-----
Armour         | 1 |  1.0
Evocations     | 4 |  4.3
Fighting       | |  1.1
Maces & Flails | |  0.3
Dodging        | |  2.7
Stealth        | |  1.4

Action                   || total
-------------------------++-------
Melee: Club              ||    11
Evoke: Wand              ||     4
  Use: Scroll            ||     2
 Stab: Distracted        ||     1
       Sleeping          ||     1
Dodge: Dodged            ||     6

Table legend: (Time is in decaauts)
 A = Elapsed time spent in this place.
 B = Non-inter-level travel time spent in this place.
 C = Inter-level travel time spent in this place.
 D = Time resting spent in this place.
 E = Time spent auto-exploring this place.
 F = Levels seen in this place.
 G = Mean time per level.
                   A        B        C        D        E       F      G
               +--------+--------+--------+--------+--------+-----+--------+
         Total |    214 |    214 |      0 |      0 |     34 |   2 |  107.0 |
       Dungeon |    214 |    214 |      0 |      0 |     34 |   2 |  107.0 |
               +--------+--------+--------+--------+--------+-----+--------+

Top non-repeatable levels by time:
     D:1: 164 daAuts
     D:2: 50 daAuts
